 Dungeon Crawl Stone Soup version 0.21-a0-331-gfb491b4 (webtiles) character file.

37002 Argmax the Fencer (level 13, -2/72 HPs)
             Began as a Tengu Air Elementalist on Sept 28, 2017.
             Was the Champion of Hepliaklqana.
             Slain by an eight-headed hydra (13 damage)
             ... on level 6 of the Lair of Beasts on Oct 3, 2017.
             The game lasted 01:36:13 (21687 turns).

Argmax the Fencer (Tengu Air Elementalist)         Turns: 21687, Time: 01:36:14

Health: -2/72      AC: 15    Str: 15    XL:     13   Next: 93%
Magic:  8/17       EV: 19    Int: 20    God:    Hepliaklqana [******]
Gold:   1091       SH:  0    Dex: 20    Spells: 5/16 levels left

rFire    . . .     SeeInvis .   L - +5 great sword
rCold    . . .     Gourm    .   (shield currently unavailable)
rNeg     . . .     Faith    .   G - +5 steam dragon scales
rPois    .         Spirit   .   R - +0 hat
rElec    .         Reflect  .   g - +1 cloak
rCorr    .         Harm     .   S - +1 pair of gloves of Dim Light {Dex+2}
MR       .....                  (boots unavailable)
Stlth    ++........             J - amulet of rage
HPRegen  0.22/turn              F - +4 ring of strength
MPRegen  0.15/turn              k - +5 ring of intelligence

@: no status effects
A: reduced essence, beak, talons 3, able to fly 1
a: Fly, Recall Ancestor, Ancestor Identity, Transference, Idealise, Renounce
Religion, Evoke Berserk Rage


You were on level 6 of the Lair of Beasts.
You worshipped Hepliaklqana.
Hepliaklqana was exalted by your worship.
You were very hungry.

You visited 2 branches of the dungeon, and saw 18 of its levels.
You also visited: Labyrinth.

You collected 1091 gold pieces.

Inventory:

Hand Weapons
 L - a +5 great sword (weapon)
Armour
 g - a +1 cloak (worn)
 G - +5 steam dragon scales (worn)
 R - a +0 hat (worn)
 S - the +1 pair of gloves of Dim Light (worn) {Dex+2}
   (You found it on level 3 of the Lair of Beasts)

   It affects your dexterity (+2).
Jewellery
 a - an uncursed ring of see invisible {unknown}
 k - a +5 ring of intelligence (right hand)
 p - a cursed ring of teleportation {unknown}
 t - an uncursed ring of positive energy
 F - a +4 ring of strength (left hand)
 J - an amulet of rage (around neck)
Wands
 e - a wand of clouds (4/9)
 A - a wand of disintegration (0/24)
 K - a wand of polymorph (12/24)
 P - a wand of iceblast (10/15)
 W - a wand of lightning (5/15)
 X - a wand of digging (7/24)
Scrolls
 i - 6 scrolls of identify
 m - 5 scrolls of enchant weapon
 n - a scroll of blinking
 v - 6 scrolls of remove curse
 w - 5 scrolls of immolation
 z - 3 scrolls of amnesia
 D - 3 scrolls of teleportation
 H - 3 scrolls of fog
 M - a scroll of vulnerability {unknown}
 N - a scroll of torment {unknown}
 O - 4 scrolls of magic mapping
 Q - a scroll of enchant armour
 T - 2 scrolls of recharging
Potions
 f - a potion of agility
 j - 3 potions of ambrosia
 o - 2 potions of curing
 q - 5 potions of brilliance
 s - 2 potions of heal wounds
 u - 3 potions of resistance {unknown}
 x - 5 potions of flight {unknown}
 B - 6 potions of lignification {unknown}
 I - 3 potions of haste {unknown}
Books
 b - a book of Air

   Spells                             Type                      Level
   a - Shock                          Conjuration/Air              1
   b - Swiftness                      Charms/Air                   2
   c - Static Discharge               Conjuration/Air              3
   d - Airstrike                      Air                          4
   e - Lightning Bolt                 Conjuration/Air              5
 d - the Reference Book on Translocation and Poisoning
   (You found it in a labyrinth)

   Spells                             Type                      Level
   a - Blink                          Translocation                2
   b - Ignite Poison                  Fire/Transmutation/Poison    3
   c - Olgreb's Toxic Radiance        Poison                       4
   d - Venom Bolt                     Conjuration/Poison           5
   e - Alistair's Intoxication        Transmutation/Poison         5
 C - a book of Callings

   Spells                             Type                      Level
   a - Summon Small Mammal            Summoning                    1
   b - Call Imp                       Summoning                    2
   c - Call Canine Familiar           Summoning                    3
   d - Summon Guardian Golem          Hexes/Summoning              3
   e - Summon Lightning Spire         Summoning/Air                4
   f - Summon Ice Beast               Ice/Summoning                4
Miscellaneous
 y - a phial of floods (inert)
 E - a box of beasts
 U - a phial of floods (inert)
Comestibles
 c - 13 bread rations
 h - 6 meat rations
 l - 9 royal jellies
 r - 5 fruits
 V - 3 chunks of flesh


   Skills:
 - Level 9.6 Fighting
 + Level 18.5 Long Blades
 - Level 5.4 Armour
 - Level 8.2 Dodging
 - Level 2.0 Stealth
 - Level 2.0 Spellcasting
 - Level 1.3 Conjurations
 - Level 7.6 Summonings
 - Level 6.0 Air Magic


You had 5 spell levels left.
You knew the following spells:

 Your Spells              Type           Power        Failure   Level  Hunger
a - Shock                 Conj/Air       ###.         3%          1    #......
b - Swiftness             Chrm/Air       ##......     7%          2    ##.....
c - Summon Lightning Spi  Summ/Air       ####....     10%         4    #####..
d - Airstrike             Air            ####......   13%         4    #####..


Dungeon Overview and Level Annotations

Branches:
Dungeon (12/15)            Temple (0/1) D:7            Lair (6/6) D:9
 Shoals (0/4) Lair:2       Spider (0/4) Lair:3
  Slime: Lair:5-6       Orc: D:9-12

Altars:
Ashenzari
Cheibriados
Elyvilon
Hepliaklqana
Kikubaaqudgha
Makhleb
Okawaru
Ru
Trog
Uskayaw
Wu Jian
Xom
Yredelemnul
Zin

Shops:
D:5 :}[([   D:7 *=

Portals:
Trove: D:10 (give +2 gold dragon scales)

Annotations:
D:8 exclusion: downstairs
D:10 2 transporters


Innate Abilities, Weirdness & Mutations

You have a beak for a mouth.
You have claws for feet.
You can fly.
Your life essence is reduced to manifest your ancestor. (-10% HP)


Message History

Press: ? - help, Shift-Dir - straight line, f/p - eight-headed hydra
Aim: an eight-headed hydra (heavily wounded, chance to defeat MR: 30%)
The eight-headed hydra easily resists.
Evoking this partially-identified wand wasted a few charges.
The eight-headed hydra barely misses you.
You riposte.
You hit the eight-headed hydra.
The eight-headed hydra is heavily wounded.
The eight-headed hydra closely misses you.
The eight-headed hydra bites you but does no damage. x5
The eight-headed hydra completely misses you.
Your larval fireweird beast hits the eight-headed hydra!
Evoke which item? (* to show all) (? for menu, Esc to quit)
Aiming: Disintegrate (will waste charges)
Press: ? - help, Shift-Dir - straight line, f/p - eight-headed hydra
Aim: an eight-headed hydra (severely wounded, chance to defeat MR: 30%) Nothing appears to happen.
The eight-headed hydra completely misses you.
The eight-headed hydra bites you but does no damage.
The eight-headed hydra bites you!
You die...

##.................P≈
##.................≈.≈
#...............####.≈
##......†..........## .
#..................####.
##......................
##.....H........PP......
#......D.........#......
#.......@................
#........................
###......................
#.......................
#P......................
#.......................
#.......................
#...............≈≈≈.....
.........≈≈≈.....


You could see an eight-headed hydra and a friendly larval fireweird beast.

Vanquished Creatures
  Gastronok (Lair:2)
  A minotaur (Lab)
  A hydra (Lair:5)
  2 two-headed ogres
  3 death yaks (Lair:4)
  2 elephants (Lair:6)
  17 spiny frogs
  3 black mambas
  A rime drake (Lair:1)
  A gargoyle (D:11)
  4 komodo dragons
  3 trolls
  12 blink frogs
  A slime creature (Lair:6)
  8 hippogriffs
  A shadow (D:12)
  16 yaks
  The ghost of kohrah the Covered, an amateur MiFi (D:4)
  2 wyverns
  2 basilisks (Lair:4)
  A steam dragon (D:7)
  9 water moccasins
  10 porcupines
  An orc warrior (D:11)
  A sky beast (D:11)
  A black bear (D:9)
  An ice beast (D:8)
  3 phantoms
  10 wolves
  4 ogres
  2 centaurs
  11 crocodiles
  A big kobold (D:11)
  22 bullfrogs
  2 gnoll sergeants
  3 scorpions
  2 killer bees
  11 wights
  6 howler monkeys
  A hexer (Lair:1)
  3 crimson imps
  A bullfrog zombie (D:10)
  2 hounds
  2 jellies
  A centaur zombie (D:6)
  5 orc priests
  2 centaur skeletons
  16 orc wizards
  3 bullfrog skeletons
  2 iguanas (D:12)
  8 worker ants
  2 hound skeletons
  9 gnolls
  A howler monkey skeleton (D:9)
  8 adders
  2 river rats (D:6)
  A shadow imp (D:5)
  2 adder skeletons
  A worm (D:2)
  3 leopard geckos
  29 orcs
  2 ball pythons
  6 bats
  15 giant cockroaches
  5 goblins
  12 hobgoblins
  16 jackals
  5 kobolds
  2 quokkas
  A ball python skeleton (D:5)
  4 frilled lizards
  4 rats
  A plant (Lair:6)
360 creatures vanquished.

Vanquished Creatures (collateral kills)
  A hydra (Lair:1)
  A two-headed ogre (D:9)
  A manticore (Lair:2)
  Joseph (D:9)
  4 spiny frogs
  2 komodo dragons
  4 hippogriffs
  6 blink frogs
  2 slime creatures (Lair:6)
  3 yaks (Lair:6)
  2 basilisks
  3 vampire mosquitoes (Lair:6)
  2 porcupines
  An ogre (D:4)
  A wolf (Lair:2)
  A centaur (D:6)
  A crocodile (Lair:6)
  3 bullfrogs
  6 killer bees
  3 wights
  A hound (D:6)
  An orc priest (D:5)
  2 orc wizards (D:4)
  3 iguanas
  4 worker ants
  3 gnolls
  An adder (D:5)
  An adder skeleton (D:6)
  An adder zombie (D:6)
  A worm (D:2)
  2 dart slugs
  A leopard gecko (D:11)
  7 orcs
  A bat (D:3)
  7 giant cockroaches
  A goblin (D:2)
  A hobgoblin (D:3)
  5 jackals
  A kobold (D:11)
  2 quokkas
  A ball python zombie (D:6)
  A frilled lizard (D:4)
  2 rats (D:3)
  A fungus (Lair:6)
99 creatures vanquished.

Vanquished Creatures (others)
  9 hexers
  27 fungi
  62 plants
98 creatures vanquished.

Grand Total: 557 creatures vanquished

Notes
Turn   | Place    | Note
-------+----------+-------------------------------------------
     0 | D:1      | Argmax the Tengu Air Elementalist began the quest for the Orb.
     0 | D:1      | Reached XP level 1. HP: 10/10 MP: 4/4
   104 | D:1      | Reached skill level 1 in Fighting
   139 | D:1      | Reached XP level 2. HP: 16/16 MP: 0/6
   766 | D:1      | Reached XP level 3. HP: 21/21 MP: 2/7
  1597 | D:2      | Found a faded altar of an unknown god.
  1604 | D:2      | Became a worshipper of Hepliaklqana the Forgotten
  1604 | D:2      | Reached * piety under Hepliaklqana
  1661 | D:2      | Found a bloodstained altar of Trog.
  1661 | D:2      | Found an iron altar of Okawaru.
  1754 | D:2      | Reached XP level 4. HP: 24/24 MP: 3/8
  1840 | D:2      | Found an ornate altar of the Wu Jian Council.
  1942 | D:2      | Found a basalt altar of Yredelemnul.
  2222 | D:2      | Upgraded the game from 0.21-a0-286-g6fcecc0 to 0.21-a0-320-gefad53e
  2272 | D:3      | Gained mutation: You can fly. [Tengu growth]
  2272 | D:3      | Reached XP level 5. HP: 28/28 MP: 5/9
  2281 | D:3      | Learned a level 2 spell: Swiftness
  2426 | D:3      | Found a burning altar of Makhleb.
  2439 | D:3      | Reached ** piety under Hepliaklqana
  2440 | D:3      | Remembered your ancestor Jerry as a hexer
  3512 | D:4      | Reached XP level 6. HP: 32/35 MP: 10/10
  3578 | D:4      | Learned a level 4 spell: Airstrike
  3815 | D:4      | Found a snail-covered altar of Cheibriados.
  3827 | D:4      | Reached skill level 5 in Fighting
  4043 | D:4      | Noticed kohrah's ghost (amateur MiFi)
  4050 | D:4      | Killed kohrah's ghost
  4050 | D:4      | Reached skill level 5 in Dodging
  4050 | D:4      | Reached XP level 7. HP: 26/40 MP: 11/11
  4316 | D:4      | Reached skill level 5 in Air Magic
  4753 | D:5      | Entered Level 5 of the Dungeon
  4933 | D:5      | Found Gassyney's Antique Weapon Shop.
  4944 | D:5      | Reached XP level 8. HP: 35/46 MP: 6/12
  5120 | D:5      | Upgraded the game from 0.21-a0-320-gefad53e to 0.21-a0-324-gfc3775b
  5120 | D:5      | Upgraded the game from 0.21-a0-324-gfc3775b to 0.21-a0-331-gfb491b4
  5382 | D:5      | Found Gazuin's Armour Emporium.
  5385 | D:5      | Found Fuaff's Book Emporium.
  5533 | D:5      | Found Riygraf's Gadget Boutique.
  5570 | D:5      | Reached *** piety under Hepliaklqana
  5670 | D:5      | Found a sacrificial altar of Ru.
  5704 | D:5      | Found Puts's Antique Armour Boutique.
  5901 | D:6      | Reached skill level 1 in Armour
  6567 | D:6      | Reached XP level 9. HP: 53/53 MP: 13/13
  6901 | D:7      | Found Soshois's Jewellery Shop.
  7192 | D:7      | Reached skill level 1 in Long Blades
  7598 | D:7      | Found Rovate's General Store.
  7604 | D:7      | Found a shimmering altar of Xom.
  7604 | D:7      | Found a glowing silver altar of Zin.
  7604 | D:7      | Noticed an angel
  7738 | D:7      | Found an ancient bone altar of Kikubaaqudgha.
  8160 | D:7      | Found a staircase to the Ecumenical Temple.
  8193 | D:7      | Reached skill level 2 in Long Blades
  8471 | D:8      | Found a white marble altar of Elyvilon.
  8506 | D:8      | Reached **** piety under Hepliaklqana
  8713 | D:8      | Reached skill level 3 in Long Blades
  9682 | D:8      | Reached skill level 4 in Long Blades
  9768 | D:9      | Noticed Joseph
  9997 | D:9      | Killed Joseph
  9997 | D:9      | Reached skill level 5 in Armour
  9997 | D:9      | Reached XP level 10. HP: 25/59 MP: 14/14
  9998 | D:9      | Reached skill level 5 in Long Blades
 10240 | D:9      | Found a staircase to the Lair.
 10290 | D:9      | Noticed a two-headed ogre
 10302 | D:9      | Learned a level 4 spell: Summon Lightning Spire
 10315 | D:9      | Noticed a two-headed ogre
 10316 | D:9      | Killed a two-headed ogre
 10316 | D:9      | Reached skill level 6 in Long Blades
 10843 | D:9      | Killed a two-headed ogre
 10843 | D:9      | Reached skill level 7 in Long Blades
 10843 | D:9      | Reached skill level 5 in Summonings
 11272 | D:9      | Noticed a hand axe
 11272 | D:9      | Noticed a hand axe
 11273 | D:9      | Found a hide-covered altar of Uskayaw.
 11324 | D:10     | Entered Level 10 of the Dungeon
 11324 | D:10     | Reached ***** piety under Hepliaklqana
 11325 | D:10     | Noticed a deep elf archer
 11331 | D:10     | Noticed a cyclops
 11331 | D:10     | Found a transporter.
 11332 | D:10     | Noticed a war gargoyle
 11349 | D:10     | Found a transporter.
 11393 | D:10     | Noticed a two-headed ogre
 11401 | D:10     | Killed a two-headed ogre
 11401 | D:10     | Reached skill level 8 in Long Blades
 11401 | D:10     | Reached XP level 11. HP: 63/63 MP: 15/15
 11458 | D:10     | Found a portal to a secret trove of treasure.
 12162 | D:11     | Reached skill level 9 in Long Blades
 13243 | D:12     | Reached skill level 10 in Long Blades
 14001 | D:12     | Noticed a green ugly thing
 14189 | Lair:1   | Entered Level 1 of the Lair of Beasts
 14262 | Lair:1   | Reached skill level 11 in Long Blades
 14591 | Lair:1   | Reached skill level 12 in Long Blades
 14968 | Lair:1   | Reached XP level 12. HP: 62/68 MP: 16/16
 15473 | Lair:1   | Noticed an eight-headed hydra
 15482 | Lair:1   | Killed a nine-headed hydra
 15482 | Lair:1   | Reached skill level 13 in Long Blades
 15506 | Lair:1   | Found a shattered altar of Ashenzari.
 15688 | Lair:2   | Noticed Gastronok
 15723 | Lair:2   | Killed Gastronok
 15877 | Lair:2   | Found a staircase to the Shoals.
 15901 | Lair:2   | Reached ****** piety under Hepliaklqana
 16293 | Lair:2   | Reached skill level 14 in Long Blades
 16539 | Lair:3   | Got a pair of polished gloves
 16542 | Lair:3   | Identified the +1 pair of gloves of Dim Light {Dex+2} (You found it on level 3 of the Lair of Beasts)
 17037 | Lair:3   | Found a hole to the Spider Nest.
 17305 | Lair:4   | Found a labyrinth entrance.
 17327 | Lab      | Entered a labyrinth
 17673 | Lab      | Noticed a minotaur
 17680 | Lab      | Killed a minotaur
 17682 | Lab      | Identified the Reference Book on Translocation and Poisoning
 18042 | Lair:4   | Noticed a death yak
 18042 | Lair:4   | Noticed a death yak
 18046 | Lair:4   | Noticed a death yak
 18052 | Lair:4   | Killed a death yak
 18052 | Lair:4   | Reached skill level 15 in Long Blades
 18058 | Lair:4   | Killed a death yak
 18060 | Lair:4   | Killed a death yak
 18331 | Lair:4   | Reached XP level 13. HP: 51/72 MP: 17/17
 19104 | Lair:5   | Reached skill level 16 in Long Blades
 20366 | Lair:6   | Entered Level 6 of the Lair of Beasts
 20476 | Lair:6   | Reached skill level 17 in Long Blades
 21120 | Lair:6   | Reached skill level 18 in Long Blades
 21120 | Lair:6   | HP: 2/72 [hippogriff (5)]
 21687 | Lair:6   | Slain by an eight-headed hydra

Vault maps used:
D:1:      mainiacjoe_arrival_reflecting_pool
D:2:      chequers_temple_overflow_statue_of_worship,
          lemuel_coloured_pillars_altar, old_standard_altar,
          chequers_ecumenical_altar_simple_redux
D:3:      minmay_roachtagon, st_stairs_12, makhleb_altar_promises_db
D:4:      kennysheep_slug_shrine, first_bread
D:5:      overflow_temple_1_default, serial_shops, nicolae_shop_crystal,
          kennysheep_mini_moat, nicolae_shop_statue_plus, shop_statue,
          shop_statue
D:6:      portal_sewer_entry_c, corexii_item_surrounded_by_moat
D:7:      grunt_temple_overflow_order_and_chaos_1, kiku_gazebo_garden_becter,
          minmay_temple_entry_overgrown, serial_shops, shop,
          nicolae_shop_statue_plus, kennysheep_dice
D:8:      lemuel_doored_altar
D:9:      dancing_weapons_uskayaw, due_lair_maze_entry_diamond, uniq_joseph
D:10:     gammafunk_sealed_arena, trove_entry_hex_spiral
D:12:     david_orc_4
Lair:1:   basic_altar, serial_bayou_pond_e, grunt_megastairs_2
Lair:2:   minmay_shoals_entry_beasts, uniq_gastronok
Lair:3:   dummy_spider_entry
Lair:4:   lab_entry_generic
Lair:6:   minmay_lair_end_frog_pond, minmay_slime_entry_pillars, special_room
Lab:      labyrinth_hidden_loot

Skill      XL: |  1  2  3  4  5  6  7  8  9 10 11 12 13 |
---------------+----------------------------------------+-----
Fighting       | 1 2 3 4 5 6 8 9 |  9.6
Dodging        | 3 4 5 6 8 |  8.2
Air Magic      | 5 6 |  6.0
Armour         | 2 5 |  5.4
Long Blades    | 4 8 12 15 18 | 18.5
Summonings     | 6 7 |  7.6
Stealth        | |  2.0
Spellcasting   | |  2.0
Conjurations   | |  1.3

Action                   |  1- 3 |  4- 6 |  7- 9 | 10-12 | 13-15 || total
-------------------------+-------+-------+-------+-------+-------++-------
Melee: Unarmed           |     1 |       |       |       |       ||     1
       Dagger            |    20 |    90 |   235 |       |       ||   345
       Kick              |     4 |    24 |   114 |   148 |   102 ||   392
       Peck              |     2 |    14 |    48 |   110 |    60 ||   234
       Great sword       |       |       |    71 |   366 |   194 ||   631
Throw: Stone             |    18 |       |     1 |     3 |       ||    22
       Throwing net      |       |       |       |     1 |       ||     1
 Cast: Shock             |    82 |    62 |    19 |       |       ||   163
       Airstrike         |       |       |       |     3 |     1 ||     4
       Summon Lightning  |       |       |       |    10 |    11 ||    21
       Swiftness         |       |       |       |       |     1 ||     1
Invok: Ancestor Identity |       |     1 |     1 |       |       ||     2
       Ancestor Life: He |       |     1 |       |       |       ||     1
       Recall Ancestor   |       |       |       |       |     1 ||     1
 Abil: Fly               |       |     1 |       |     1 |       ||     2
Evoke: Wand              |       |       |       |       |     9 ||     9
       Box of beasts     |       |       |       |       |     4 ||     4
       Phial of floods   |       |       |       |       |     1 ||     1
  Use: Scroll            |       |     4 |    16 |     6 |     2 ||    28
       Potion            |       |     1 |       |     1 |     6 ||     8
 Stab: Sleeping          |       |       |     5 |     3 |       ||     8
       Distracted        |       |       |     1 |     4 |     5 ||    10
       Confused          |       |       |     5 |     6 |     9 ||    20
  Eat: Chunk             |     4 |    22 |    15 |    24 |    13 ||    78
       Fruit             |       |       |       |     1 |       ||     1
Armor: Robe              |     5 |     3 |       |       |       ||     8
       Leather armour    |       |    24 |     2 |       |       ||    26
       Ring mail         |       |       |    73 |       |       ||    73
       Steam dragon scal |       |       |    14 |    82 |    81 ||   177
Dodge: Dodged            |    24 |    60 |   226 |   358 |   235 ||   903
       Rpst.: Great sword |       |       |    22 |   111 |    58 ||   191

Table legend:
 A = Spawn XP
 B = Non-spawn XP
 C = Spawn XP percentage of total XP
 D = Spawn monster count
 E = Non-spawn monster count
 F = Spawn count percentage of total count
 G = Total turns spent on level
                    A         B        C        D         E        F      G
               +---------+---------+-------+---------+---------+-------+---------
         Total |       0 |   52861 |   0.0 |       0 |     456 |   0.0 | 21687
               +---------+---------+-------+---------+---------+-------+---------
           D:1 |       0 |      55 |   0.0 |       0 |      31 |   0.0 |  1400
           D:2 |       0 |     101 |   0.0 |       0 |      18 |   0.0 |   847
           D:3 |       0 |     162 |   0.0 |       0 |      42 |   0.0 |  1060
           D:4 |       0 |     788 |   0.0 |       0 |      21 |   0.0 |  1446
           D:5 |       0 |     432 |   0.0 |       0 |      15 |   0.0 |  1024
           D:6 |       0 |    1176 |   0.0 |       0 |      34 |   0.0 |  1095
           D:7 |       0 |     834 |   0.0 |       0 |      20 |   0.0 |  1577
           D:8 |       0 |     802 |   0.0 |       0 |      19 |   0.0 |  1587
           D:9 |       0 |    4197 |   0.0 |       0 |      31 |   0.0 |  1308
          D:10 |       0 |    1530 |   0.0 |       0 |      14 |   0.0 |   781
          D:11 |       0 |    2849 |   0.0 |       0 |      42 |   0.0 |  1048
          D:12 |       0 |    2216 |   0.0 |       0 |      21 |   0.0 |  1016
        Lair:1 |       0 |    5599 |   0.0 |       0 |      25 |   0.0 |  1495
        Lair:2 |       0 |    3307 |   0.0 |       0 |      10 |   0.0 |   812
        Lair:3 |       0 |    1546 |   0.0 |       0 |      10 |   0.0 |   793
        Lair:4 |       0 |    5674 |   0.0 |       0 |      17 |   0.0 |  1391
        Lair:5 |       0 |    5895 |   0.0 |       0 |      21 |   0.0 |  1503
        Lair:6 |       0 |   14560 |   0.0 |       0 |      64 |   0.0 |  1127
           Lab |       0 |    1138 |   0.0 |       0 |       1 |   0.0 |   377
               +---------+---------+-------+---------+---------+-------+---------
